[Event "Late-Titled-Tuesday-Blitz-February-20-2024"]
[Site "Chess.com"]
[Date "2024.02.20"]
[Round "4"]
[White "cthake"]
[Black "Viktor_Poddubnyi"]
[Result "1-0"]
[WhiteElo "1803"]
[BlackElo "2272"]
[TimeControl "180+1"]
[EndTime "14:39:40 PST"]
[Termination "cthake won on time"]

1. b3 Nf6 2. Bb2 e6 3. e3 Be7 4.
f4 O-O 5. Nf3 c5 6. Be2 Nc6 7. O-O d6 8. d3 a6 9. e4 b5 10. Nbd2 Nd7 11. Qe1 Bf6 12. Bxf6 Qxf6 13. Qg3 Bb7 14. Nh4 Qc3 15. Ndf3 Qxc2 16. Rf2 Qc3 17.
Raf1 Nd4 18. Nxd4 Qxd4 19. f5 Kh8 20. Nf3 Qc3 21. Ng5 exf5 22. Rxf5 f6 23. Ne6 Rf7 24. Qh3 Ne5 25. Bh5 Re7 26. Nf4 Kg8 27. Qg3 Rf8 28.
Be2 Qd2 29. h4 c4 30. bxc4 bxc4 31. Nh5 Qh6 32. Nxf6+ Kh8 33. Ng4 Rxf5 34. Nxh6 Rxf1+ 35. Kxf1 gxh6 36. Qf4 Rf7 37. Qxf7 Nxf7 38. dxc4 Bxe4 39. c5 dxc5 40. Bxa6 Nd6 41. Be2 c4 42. a4 Kg7 43.
a5 Bb7 44. Ke1 Kf6 45. Kd2 Ke5 46. Kc3 Ba6 47. g4 Kd5 48. g5 hxg5 49. hxg5 Kc5 50.
Bh5 Ne4+ 51. Kc2 Nxg5 52. Be8 Ne4 53. Bd7 Nd6 54. Bg4 Nb5 55. Bd1 Kd4 56. Kb2 1-0

[Event "Late-Titled-Tuesday-Blitz-February-20-2024"]
[Site "Chess.com"]
[Date "2024.02.20"]
[Round "4"]
[White "BogdanDeac"]
[Black "ChessSkool"]
[Result "1-0"]
[WhiteElo "3043"]
[BlackElo "2742"]
[TimeControl "180+1"]
[EndTime "14:39:41 PST"]
[Termination "BogdanDeac won on time"]

1. d4 d5 2. Nf3 Nf6 3. Bf4 c5 4. e3 e6 5. Nbd2 Qb6 6. Rb1 cxd4 7. exd4 Bd7 8. c3 Bb5 9. Be2 Bxe2 10. Qxe2 Qa6 11.
Bxb8 Qxe2+ 12. Kxe2 Rxb8 13. Ne5 Bd6 14. Nd3 Ke7 15. a4 Rhc8 16. f3 Nd7 17. Ra1 Nb6 18.
a5 Nc4 19. Nxc4 dxc4 20. Nf2 f5 21. g3 Rc7 22. f4 b5 23. axb6 axb6 24. Nd1 b5 25.
Ne3 b4 26. Rhc1 h6 27. Ra4 g5 28. Kf3 bxc3 29. bxc3 Rb2 30. Rc2 Rcb7 31. Ra2 Rxa2 32. Rxa2 Rb3 33. Rc2 Ba3 34. fxg5 hxg5 35. Ke2 Rb1 36. Nxc4 Bd6 37. Rb2 Rxb2+ 38. Nxb2 f4 39. Kf3 e5 40. Nc4 exd4 41. cxd4 Bc7 42. Ne5 fxg3 43.
hxg3 Ke6 44. Ke4 g4 45. d5+ Kd6 46. Nxg4 Kc5 47. Ne5 Kd6 48. Nd3 Ke7 49. Ne5 Kf6 50.
Ng4+ Kg5 51. Kf3 Kf5 52. Ne3+ Ke5 53. g4 Bd8 54. Ke2 Bg5 55. Kd3 Bf4 56. Ke2 Bg5 57.
Kf3 Bh6 58. d6 Bg5 59. Nf5 Ke6 60. Ke4 1-0

[Event "Late-Titled-Tuesday-Blitz-February-20-2024"]
[Site "Chess.com"]
[Date "2024.02.20"]
[Round "4"]
[White "StrackedAktonamee"]
[Black "subham777"]
[Result "0-1"]
[WhiteElo "2363"]
[BlackElo "2611"]
[TimeControl "180+1"]
[EndTime "14:39:41 PST"]
[Termination "subham777 won by checkmate"]

1. Nf3 d5 2. g3 Nf6 3. Bg2 e6 4. O-O Be7 5. b3 O-O 6. Bb2 c5 7. d4 Nc6 8. Nbd2 Re8 9. e3 Bd6 10. Ne5 a5 11. f4 Qb6 12. Ndf3 Ne4 13. c4 cxd4 14. exd4 Bxe5 15. Nxe5 a4 16. Rc1 axb3 17.
axb3 Ra2 18. Ba1 Rd2 19. Qh5 g6 20. Qh6 Nxd4 21. c5 Nxc5 22. f5 exf5 23. Qxd2 Ncxb3 24. Bxd4 Nxd4 25. Qf2 Rxe5 26. Rxc8+ Kg7 27. Kh1 Re2 28. Qf4 Qb2 29. Rg1 Ne6 30. Qb8 Qe5 31. Rg8+ Kh6 32. Qxe5 Rxe5 33. Rb8 Nc5 34. Rc1 d4 35.
Bxb7 Nd3 36. Rf1 Rb5 37. h3 Nc5 38. Bc8 Rxb8 39. Ba6 Ne4 40. Kh2 Rb2+ 41. Kh1 Nxg3+ 42. Kg1 Nxf1 43. Kxf1 Kg5 44. Bd3 Kh4 45. Ke1 f4 46. Bf1 Kg3 47. Bd3 Rf2 48. Kd1 f3 49. Kc1 Rg2 50. Kd1 f2 51. Bf1 Rg1 52. Ke2 Rxf1 53. Kxf1 d3 54. h4 d2 55. Ke2 d1=Q+ 56. Kxd1 f1=Q+ 57.
Kc2 Qf2+ 58. Kd3 Kxh4 59. Ke4 Qf6 60. Ke3 Qe6+ 61. Kf4 Qf5+ 62. Ke3 Kg3 63. Ke2 Qe6+ 64. Kd3 Kf3 65. Kd4 Qd6+ 66. Kc3 Ke4 67. Kc2 Qc5+ 68. Kb2 Qc4 69. Ka1 Qb4 70. Ka2 Kd3 71. Ka1 Kc2 72. Ka2 Qa4# 0-1

[Event "Late-Titled-Tuesday-Blitz-February-20-2024"]
[Site "Chess.com"]
[Date "2024.02.20"]
[Round "4"]
[White "ExchangeAB"]
[Black "GolfBeforeChess"]
[Result "1/2-1/2"]
[WhiteElo "2450"]
[BlackElo "2292"]
[TimeControl "180+1"]
[EndTime "14:39:42 PST"]
[Termination "Game drawn - insufficient material"]

1. d4 Nf6 2. Nf3 c5 3. c3 b6 4. e3 Bb7 5. Nbd2 g6 6. Bd3 Bg7 7. O-O O-O 8. e4 d6 9. Qe2 Nbd7 10. Rd1 cxd4 11. cxd4 Rc8 12. Nf1 Qc7 13. h3 e5 14.
dxe5 dxe5 15. Bg5 Nc5 16. Rac1 Qb8 17. Bxf6 Bxf6 18. Bc2 Ne6 19. Ne3 Nd4 20. Nxd4 exd4 21. Nd5 Bxd5 22. exd5 Rfe8 23. Qf3 Qd6 24. Ba4 Re5 25. Bc6 Rc7 26. g3 Rf5 27. Qd3 Re7 28.
Re1 Rfe5 29. Rxe5 Rxe5 30. Kg2 Re7 31. h4 h5 32. a3 Kg7 33. b4 Be5 34. Qf3 Qf6 35. Qd3 Qd6 36. Re1 Bf6 37. Rb1 Be5 38. a4 Bf6 39. a5 bxa5 40. bxa5 Qc5 41. a6 Qc3 42. Rb3 Qe1 43. d6 Re2 44. Qf3 Rc2 45. d7 Rc1 46. Kh3 Qf1+ 47. Qg2 Qxg2+ 48. Bxg2 Rc7 49.
Rb7 Bd8 50. Be4 Kf6 51. Bd3 Ke7 52. Bb5 Kd6 53. Kg2 Kc5 54. Bd3 Kd6 55. Rxc7 Kxc7 56.
Bc4 f6 57. Bf7 g5 58. hxg5 fxg5 59. Bxh5 Kxd7 60. Kf3 Kd6 61. Ke4 Kc5 62. Be2 Be7 63. Kf5 Bd8 64. Ke4 Be7 65. f4 gxf4 66. gxf4 Bd8 67.
Ke5 Bc7+ 68. Ke4 Bd8 69. f5 Bf6 70. Bd3 Kb4 71. Kd5 Kc3 72. Be2 d3 73. Bg4 d2 74.
Kc6 Kc2 75. Kb7 Bd4 76. f6 Bxf6 77. Kxa7 Bd4+ 78. Kb7 d1=Q 79. Bxd1+ Kxd1 80. Kb8 Kc2 81. Kc7 Kb3 82. Kb7 Ka4 83. a7 Bxa7 1/2-1/2

[Event "Late-Titled-Tuesday-Blitz-February-20-2024"]
[Site "Chess.com"]
[Date "2024.02.20"]
[Round "4"]
[White "Jospem"]
[Black "Zkid"]
[Result "0-1"]
[WhiteElo "3091"]
[BlackElo "2928"]
[TimeControl "180+1"]
[EndTime "14:39:43 PST"]
[Termination "Zkid won on time"]

1. e4 e6 2. d3 d5 3. Nd2 Nf6 4. Ngf3 Nc6 5. c3 Bd6 6. g3 dxe4 7. dxe4 e5 8. Bg2 O-O 9. O-O a5 10. a4 Qe7 11. Re1 Rd8 12. Qc2 Bc5 13. Nc4 h6 14.
Ne3 Ng4 15. Nh4 Qf6 16. Nhf5 Nxe3 17. Bxe3 Bxe3 18. Nxe3 Ne7 19. Rad1 Bd7 20. Qb3 Qb6 21. Qa3 Qe6 22. Bf1 Bc6 23. Bc4 Qf6 24. Ng4 Qg5 25.
Rxd8+ Rxd8 26. h4 Qxg4 27. Qxe7 Qd7 28. Qxe5 Re8 29. Qf4 Bxa4 30. e5 Bb5 31. Bxb5 Qxb5 32. c4 Qxb2 33. Qe4 a4 34. Qd5 Qb4 35. Re3 c6 36.
Qd7 Qe7 37. Qd3 Ra8 38. Qb1 a3 39. Re2 b5 40. cxb5 cxb5 41. Qb3 Qe6 42. Qf3 Qc8 43. Ra2 b4 44. Kh2 Rb8 45. Qe4 Qe6 46. Ra1 g6 47. h5 gxh5 48. Qe3 b3 49. Rd1 b2 50. Rd6 b1=Q 51.
Rxe6 fxe6 52. Qxh6 Qf5 53. Qe3 Rf8 54. f4 Qg4 55. Qxa3 h4 56. Qe7 Qxg3+ 57. Kh1 Qh3+ 58. Kg1 Qg4+ 59. Kh1 Rxf4 60. Qe8+ Rf8 61. Qb5 Qf3+ 62. Kg1 Qg3+ 63. Kh1 Qe1+ 64. Kg2 Rf2+ 65. Kh3 Qe3+ 66. Kg4 Qg3+ 67. Kh5 Rf5+ 0-1

[Event "Late-Titled-Tuesday-Blitz-February-20-2024"]
[Site "Chess.com"]
[Date "2024.02.20"]
[Round "4"]
[White "Kopytkin"]
[Black "NoHeThTo"]
[Result "0-1"]
[WhiteElo "2399"]
[BlackElo "2615"]
[TimeControl "180+1"]
[EndTime "14:39:45 PST"]
[Termination "NoHeThTo won on time"]

1. d4 Nf6 2. Bg5 Ne4 3. Bf4 c5 4. e3 d5 5. Bd3 cxd4 6. exd4 Nc6 7. c3 Bf5 8. h4 e6 9. g4 Bg6 10. h5 Qf6 11. Nh3 Nxf2 12. Nxf2 Qxf4 13. hxg6 O-O-O 14. Rxh7 Bd6 15. Na3 fxg6 16. Bxg6 Rxh7 17. Bxh7 Rh8 18. Qd3 Rf8 19. Qe2 Qg3 20. Nb5 Qg1+ 21. Qf1 Qxf1+ 22. Kxf1 Bg3 23. Kg2 Bxf2 24. Rf1 a6 25. Rxf2 Rxf2+ 26. Kxf2 axb5 27. b4 Kc7 28. Bd3 Kb6 29. Ke3 Ne7 30.
Kf4 Nc6 31. a3 Kc7 32. Bf1 Kd6 33. Bg2 e5+ 34. Ke3 exd4+ 35. cxd4 g5 36. Bf1 Na7 37. Bd3 Kc6 38. Bg6 Nc8 39. Be8+ Kb6 40. Bf7 Kc6 41. Be8+ Kb6 42. Bf7 Ne7 43. Be6 Kc6 44. Bf5 Kd6 45.
Bd3 Kc6 46. Bf5 Ng8 47. Bg6 Nf6 48. Bf5 Kd6 49. Kd3 Ne8 50. Kc3 Nc7 51. Bd3 Ke6 52. Kb3 Ke7 53. a4 Kd6 54. a5 Kc6 55. Kc3 Ne8 56. Bf5 Nd6 57. Bd3 Nc4 58. Bc2 Ne3 59. Bf5 Nxf5 60. gxf5 Kd6 61. Kd3 Ke7 62. Ke3 Kf6 63. Kf3 Kxf5 64. Ke3 g4 65. Kd3 Kf4 66.
Ke2 Ke4 67. a6 bxa6 0-1

[Event "Late-Titled-Tuesday-Blitz-February-20-2024"]
[Site "Chess.com"]
[Date "2024.02.20"]
[Round "4"]
[White "Alex_Sahakyan2006"]
[Black "ValeriyGrinev"]
[Result "1-0"]
[WhiteElo "2835"]
[BlackElo "2559"]
[TimeControl "180+1"]
[EndTime "14:39:48 PST"]
[Termination "Alex_Sahakyan2006 won by resignation"]

1. e4 c5 2. Nc3 e6 3. Nf3 a6 4.
g3 b5 5. Bg2 Bb7 6. d3 d6 7. O-O Be7 8. Re1 Nd7 9. h4 Ngf6 10.
e5 dxe5 11. Nxe5 Bxg2 12. Kxg2 Nxe5 13. Rxe5 Qc7 14. Qf3 O-O 15. Re1 Rfd8 16. Bf4 Qb6 17. a4 b4 18. a5 Qa7 19. Ne4 Nxe4 20. Rxe4 Bf6 21. Bg5 Bxb2 22. Rb1 Bd4 23. Bxd8 Rxd8 24. h5 Qc7 25. h6 g6 26. Rxd4 Rxd4 27. Qf6 Kf8 28.
Qh8+ Ke7 29. Qxh7 Qe5 30. Qg8 Rd8 31. h7 Qh8 32. Qxh8 Rxh8 33. Rh1 Kf6 34. Kf3 Ke5 35. Ke3 Kf5 36. Rh4 e5 37. Kd2 g5 38. Rh6 g4 39.
Ke3 Kg5 40. Rxa6 Rxh7 41. Rc6 Rh1 42. Rxc5 Kf6 43. a6 Re1+ 44. Kd2 Ra1 45. Rc6+ Kf5 46. Rb6 Ra4 47. Kc1 e4 48. Rb5+ Ke6 49. dxe4 Rxa6 50.
Rxb4 Ra1+ 51. Kd2 Rf1 52. Ke2 Rc1 53. Rc4 Ke5 54. Ke3 Re1+ 55. Kd2 Rf1 56. Ke2 Rc1 57. Rc7 Kxe4 58. Rxf7 Rxc2+ 59. Kf1 Kd3 60. Rf4 Rc1+ 61.
Kg2 Rc7 62. Rxg4 Ke2 63. Re4+ Kd3 64. Re3+ Kd4 65. Re1 Rf7 66. g4 Kd3 67. Kg3 Kd2 68. Re6 Kd3 69. f4 Kd4 70. f5 Kd5 71. Re1 Ra7 72. Kf4 Ra3 73. Kg5 Ra2 74. Kf6 Rh2 75. g5 Rg2 76. g6 1-0

[Event "Late-Titled-Tuesday-Blitz-February-20-2024"]
[Site "Chess.com"]
[Date "2024.02.20"]
[Round "4"]
[White "maxip32"]
[Black "zajka-molotok"]
[Result "0-1"]
[WhiteElo "2644"]
[BlackElo "2525"]
[TimeControl "180+1"]
[EndTime "14:39:53 PST"]
[Termination "zajka-molotok won by resignation"]

1. e4 c5 2. Nf3 Nc6 3. Bb5 g6 4.
Bxc6 dxc6 5. O-O Bg7 6. d3 Nf6 7. Nc3 O-O 8. h3 Nd7 9. Be3 e5 10. Qd2 Qe7 11. a3 a5 12. Nh2 Rd8 13. Bh6 Bh8 14.
Ng4 Nf8 15. f4 Bxg4 16. hxg4 exf4 17. Rxf4 Ne6 18. Rff1 Bd4+ 19. Be3 Qg5 20. Rf3 Qxg4 21. Raf1 Ng5 22. Rf6 Nh3+ 23. Kh2 Be5+ 24. Kh1 Bxf6 25. Rxf6 Qh4 26. Rf1 Nf2+ 27. Kg1 Ng4 28. Bf4 c4 29. d4 Rd7 30. g3 Qh3 31. d5 Re8 32.
Qg2 Qxg2+ 33. Kxg2 cxd5 34. exd5 Ne3+ 35. Bxe3 Rxe3 36.
Kf2 Re5 37. Rd1 f5 38. Kf3 Kf7 39. a4 Kf6 40. Rd4 h5 41. Rxc4 g5 42. Rc5 Rd6 43. Rxa5 h4 44. gxh4 gxh4 45. Rb5 h3 46. Rxb7 Kg5 47. Rh7 Rh6 48. Rxh6 Kxh6 49. d6 h2 50. Kg2 Re6 51. Kxh2 Rxd6 52. a5 Rd2+ 53. Kg3 Rxc2 54. a6 Rc1 55. Nb5 Ra1 56. a7 Kg5 57. Kf3 Ra5 58.
b4 Ra4 59. Ke3 Kg4 60. Kf2 f4 61. Kg2 Ra2+ 62. Kf1 f3 63. Nd4 Rxa7 64. b5 Kg3 65. Nf5+ Kf4 66. Nd4 Ra1+ 67. Kf2 Ra2+ 68. Kf1 Rb2 69.
Ke1 Ke4 0-1

[Event "Late-Titled-Tuesday-Blitz-February-20-2024"]
[Site "Chess.com"]
[Date "2024.02.20"]
[Round "4"]
[White "Hananmo"]
[Black "Hasangatin_Ramil"]
[Result "0-1"]
[WhiteElo "2520"]
[BlackElo "2677"]
[TimeControl "180+1"]
[EndTime "14:39:54 PST"]
[Termination "Hasangatin_Ramil won by resignation"]

1. e4 d5 2. exd5 Qxd5 3. Nc3 Qd6 4. d4 Nf6 5. Nf3 a6 6. Be2 b5 7. O-O Bb7 8. Bg5 e6 9. Bh4 Nbd7 10. Bg3 Qb6 11.
a4 b4 12. a5 Qa7 13. Na4 Bd6 14. Ne5 O-O 15. Qd2 Rab8 16. Rad1 Ne4 17. Nxd7 Nxd2 18.
Rxd2 Bc6 19. Nxb8 Bxa4 20. Nxa6 Bc6 21. Bxd6 cxd6 22. Nxb4 Ba8 23. a6 Rb8 24. c3 g5 25.
Ra1 Kg7 26. Bf3 Bxf3 27. gxf3 Rc8 28. Ra5 Kf6 29. Rb5 Rc7 30. Rd1 Qa8 31. Rd3 Ra7 32. Ra5 Qc8 33. d5 Qc4 34. Rd4 Qe2 35. Kg2 e5 36.
Re4 Qxb2 37. Nc6 Ra8 38. a7 Qxc3 39. Rb4 h5 40. h3 g4 41. hxg4 hxg4 42. Rxg4 Qb3 43. Rb4 Rg8+ 44. Rg4 Ra8 45. Kg3 Qd3 46. Kg2 Qd1 47. Rb4 Rg8+ 48. Rg4 Ra8 49. Nb8 e4 50.
Rxe4 Qd2 51. Rg4 Qxa5 52. Nd7+ Ke7 53. Nb8 Qb5 54. Nc6+ Kf6 55. Rg5 Kxg5 56. Nd4 Kf6 57. Ne2 Qb7 58. Ng3 Qxa7 59. Ne4+ Ke7 60. Ng3 Kd7 61. Nf5 Kc7 62. Nd4 Kb6 63. Nb3 Kb5 64. Nd2 Kb4 65. Ne4 Kb3 66. Nd2+ Kb2 67. Ne4 Rg8+ 0-1

[Event "Late-Titled-Tuesday-Blitz-February-20-2024"]
[Site "Chess.com"]
[Date "2024.02.20"]
[Round "4"]
[White "FairChess_on_YouTube"]
[Black "stollenmonster"]
[Result "1/2-1/2"]
[WhiteElo "3054"]
[BlackElo "2869"]
[TimeControl "180+1"]
[EndTime "14:39:55 PST"]
[Termination "Game drawn - insufficient material"]

1. Nf3 Nf6 2. g3 e6 3. Bg2 d5 4. O-O Be7 5. d3 O-O 6. a4 c5 7. Bf4 Nc6 8. e4 dxe4 9. dxe4 Nxe4 10. Qe2 Nf6 11. Rd1 Nd5 12. Be5 Nxe5 13. Nxe5 Qb6 14. Nc4 Qc7 15. Bxd5 exd5 16. Nc3 dxc4 17. Nd5 Qa5 18.
Nxe7+ Kh8 19. Nxc8 Raxc8 20. Qxc4 Rc7 21. Rd5 Qb4 22.
Qxb4 cxb4 23. Rb5 b6 24. a5 Rxc2 25. Rxb4 bxa5 26. Rb7 Rc5 27. Rxa7 Rb5 28. R1xa5 Rxb2 29. Rxf7 Kg8 30. Rxf8+ Kxf8 31. Kg2 h6 32. Ra7 Kg8 33. h4 Rc2 34. g4 Rb2 35. Kg3 Rc2 36. h5 Rc3+ 37.
f3 Rb3 38. Re7 Rc3 39. Kf4 Rc4+ 40. Re4 Rc5 41. Re5 Rc3 42. Ke4 Kf7 43. Ra5 Rc6 44.
Ra7+ Kg8 45. Ra4 Re6+ 46. Kf4 Rf6+ 47. Kg3 Rc6 48. Ra5 Rc1 49. Kf4 Rc6 50. Ke4 Rc4+ 51.
Kf5 Rc6 52. f4 Rf6+ 53. Ke5 Rb6 54. g5 hxg5 55. fxg5 Kh7 56. Kf5 Rb1 57. Ke6 Rh1 58. Kf5 Rf1+ 59. Ke6 Rh1 60. Ra8 Re1+ 61. Kf5 Rf1+ 62.
Ke4 Re1+ 63. Kf3 Rf1+ 64. Kg3 Rg1+ 65. Kf4 Rf1+ 66. Ke3 Rf5 67. g6+ Kh6 68. Rh8+ Kg5 69. Ke4 Ra5 70. Rh7 Kf6 71. Rh8 Kg5 72. Kd4 Rb5 73. Kc4 Ra5 74. Kd4 Rb5 75. Kd3 Rb4 76. h6 Kxg6 77. hxg7 Kxg7 78. Re8 Rb7 79. Re4 Rd7+ 80.
Rd4 Rf7 81. Kc4 Kg6 82. Rd5 Rf5 83. Rxf5 Kxf5 1/2-1/2

[Event "Late-Titled-Tuesday-Blitz-February-20-2024"]
[Site "Chess.com"]
[Date "2024.02.20"]
[Round "4"]
[White "BillCoe"]
[Black "Godzillator"]
[Result "0-1"]
[WhiteElo "2129"]
[BlackElo "2323"]
[TimeControl "180+1"]
[EndTime "14:39:57 PST"]
[Termination "Godzillator won by resignation"]

1. e4 d5 2. Nf3 dxe4 3. Ng5 Nf6 4. Bc4 e6 5. Nc3 Qd4 6. Qe2 a6 7. Ngxe4 Be7 8. Nxf6+ Bxf6 9. Ne4 Be7 10. c3 Qd8 11. d4 b5 12. Bd3 Bb7 13. O-O Nd7 14. Bf4 Nf6 15. Bg3 O-O 16. Rad1 Rc8 17. Rfe1 Qd5 18. b3 Rfd8 19. Bb1 Nxe4 20. Bxe4 Qxe4 21. Qxe4 Bxe4 22.
Rxe4 c5 23. Ree1 cxd4 24. cxd4 Bf6 25. Be5 Rd5 26. Bxf6 gxf6 27. Kf1 Rcd8 28. Re4 f5 29.
Rh4 Rc8 30. Rd2 Kg7 31. Ke2 Kg6 32. Rh3 Rcd8 33. Rhd3 h5 34. g3 h4 35. f3 hxg3 36.
hxg3 Rh8 37. Ke3 Kf6 38. Kf4 Rh1 39. Rc2 Rd6 40. Re2 Rc1 41. Red2 Re1 42. Rc2 Rd5 43. Rc6 a5 44. Ra6 b4 45. Rd2 Rc1 46. Ra8 Rc3 47. Rh8 Kg7 48. Rhh2 f6 49. Rhe2 Rc6 50. g4 fxg4 51. Kxg4 Kg6 52. Kf4 Rcd6 53. Rg2+ Kf7 54. Ke3 Rc6 55. Rh2 Rc3+ 56. Ke4 Rf5 57. f4 Rc1 58.
Rh7+ Kg6 59. Ra7 Re1+ 60. Kf3 Rf1+ 61. Ke2 R1xf4 62. Ra6 Re4+ 63. Kd3 Re1 64. Re2 Rf3+ 65. Kd2 Rxe2+ 66. Kxe2 Rh3 67. Rxe6 Rh2+ 68. Kd3 Rxa2 69. d5 Ra3 70. d6 Rxb3+ 71. Kc4 Rc3+ 72. Kd5 Rd3+ 73.
Kc6 b3 74. d7 b2 75. Rd6 Rxd6+ 76. Kxd6 b1=Q 77. d8=Q Qd3+ 78. Ke7 Qxd8+ 79. Kxd8 a4 0-1

[Event "Late-Titled-Tuesday-Blitz-February-20-2024"]
[Site "Chess.com"]
[Date "2024.02.20"]
[Round "4"]
[White "winniethepooh04"]
[Black "Statham_01"]
[Result "1-0"]
[WhiteElo "2565"]
[BlackElo "2569"]
[TimeControl "180+1"]
[EndTime "14:40:03 PST"]
[Termination "winniethepooh04 won on time"]

1. d4 e6 2. Nf3 b6 3. Bf4 Bb7 4. e3 f5 5. Nbd2 Nf6 6. Be2 d6 7. O-O Nbd7 8. h3 Ne4 9. Nxe4 fxe4 10. Nd2 Be7 11. f3 e5 12. Bh2 Bg5 13. f4 exf4 14.
Bxf4 O-O 15. Bxg5 Qxg5 16. Rxf8+ Rxf8 17. Nf1 Nf6 18. Qd2 Bc8 19. Kh1 Qh4 20. Nh2 Be6 21. a4 Bf7 22. Rf1 Bh5 23. Bxh5 Nxh5 24. Rxf8+ Kxf8 25. Nf1 Ke7 26. Kg1 Qg5 27. c4 Nf6 28. b4 a5 29. b5 h5 30. Qf2 h4 31. Qe2 Qf5 32.
Qf2 Qe6 33. Qc2 g5 34. Qe2 g4 35. hxg4 Nxg4 36. Nh2 Nf6 37. Nf1 h3 38. gxh3 Qxh3 39. Qg2 Qh6 40. Qg3 Qh7 41. Qg5 Qf7 42. Ng3 Kd7 43.
Nf5 Kc8 44. d5 Kb7 45. Nd4 Nd7 46. Nc6 Qf3 47. Kh2 Qf2+ 48. Kh3 Qf3+ 49. Kh4 Qf2+ 50. Kh5 Qe2+ 51. Kg6 Qf1 52. Qd8 Qh3 53. Kf7 Qh7+ 54. Ke6 Nc5+ 55. Kf6 Qh4+ 56. Kf5 Qxd8 57. Nxd8+ Kc8 58.
Nc6 Nxa4 59. Kxe4 Nc5+ 60. Kd4 a4 61. Kc3 a3 62. Nd4 Kd7 63. Nc2 a2 64. Kb2 Nd3+ 65.
Kxa2 Ke7 66. Kb3 Ne5 67. Kc3 Kf6 68. Kd4 Ng4 69. Nb4 Nh2 70. Na6 Nf3+ 71. Kc3 Ke5 72. Nxc7 Ke4 73. Na8 Kxe3 74. Nxb6 Nd4 75. Nc8 Ne2+ 76.
Kb4 Kd4 77. b6 Nc1 78. b7 Nd3+ 79. Kb5 1-0

[Event "Late-Titled-Tuesday-Blitz-February-20-2024"]
[Site "Chess.com"]
[Date "2024.02.20"]
[Round "4"]
[White "HamedWafa4"]
[Black "zverr1"]
[Result "0-1"]
[WhiteElo "2731"]
[BlackElo "2557"]
[TimeControl "180+1"]
[EndTime "14:40:07 PST"]
[Termination "zverr1 won on time"]

1. e4 c5 2. Nf3 Nc6 3. Bb5 h5 4. c3 a6 5. Bxc6 dxc6 6. d4 Bg4 7. Nbd2 e6 8. h3 Bxf3 9. Nxf3 cxd4 10. cxd4 Nf6 11. Qd3 Bb4+ 12. Bd2 Bxd2+ 13. Nxd2 e5 14. Nb3 exd4 15. O-O O-O 16. e5 Nd7 17. Qxd4 Re8 18. Rfe1 Qc7 19. f4 Qb6 20. Qxb6 Nxb6 21. Nc5 Re7 22. g3 g6 23. Rad1 Rae8 24. Ne4 Nd5 25. Kf2 Kg7 26. h4 Re6 27. Nc5 R6e7 28. Ne4 Re6 29.
Rd4 f6 30. Nc5 R6e7 31. exf6+ Kxf6 32. Rxe7 Rxe7 33. Ne4+ Kf5 34. Kf3 Nf6 35. Ng5 Ng4 36. Rd3 Nh2+ 37. Kf2 Ng4+ 38. Kf1 Ne3+ 39. Kg1 Ng4 40. Rd2 Re3 41. Kg2 Re7 42. Nf3 Ne3+ 43. Kf2 Ng4+ 44. Kf1 Re3 45. Kg2 Ke4 46. Ng5+ Kf5 47.
Nf3 Re7 48. Nd4+ Kf6 49. Nb3 Ne3+ 50. Kf3 Ng4 51. Rd3 Nh2+ 52. Kf2 Ng4+ 53. Kf1 Nh2+ 54. Kg1 Ng4 55. Nc5 Re2 56. Rb3 b5 57. Nxa6 Ne3 58. Nb8 Kf5 59. Nxc6 Kg4 60. Nd4 Rg2+ 61. Kh1 Kh3 62.
Rxe3 Rd2 63. Nf3 Rxb2 64. Ng1+ Kg4 65. Re5 Kxg3 66. Rg5+ Kxh4 67. Rxg6 Rxa2 68. f5 Rf2 69. f6 b4 0-1

[Event "Late-Titled-Tuesday-Blitz-February-20-2024"]
[Site "Chess.com"]
[Date "2024.02.20"]
[Round "4"]
[White "pooh2012"]
[Black "GoltsevDmitry2000"]
[Result "1-0"]
[WhiteElo "2571"]
[BlackElo "2769"]
[TimeControl "180+1"]
[EndTime "14:40:09 PST"]
[Termination "pooh2012 won by checkmate"]

1. d4 e6 2. c4 b6 3. Nf3 Bb7 4. a3 Nf6 5. Nbd2 a5 6. g3 Be7 7. Bg2 O-O 8. O-O d6 9. Qc2 Nbd7 10. b3 e5 11. e3 exd4 12. Nxd4 Bxg2 13. Kxg2 Qc8 14.
f3 Qb7 15. Nf5 Rfe8 16. Nxe7+ Rxe7 17. e4 Rae8 18. Bb2 Ne5 19. Rae1 Qc6 20. Bc3 h6 21. h3 Qb7 22. a4 Qc6 23. Re3 Nfd7 24.
f4 Ng6 25. f5 Nge5 26. Bd4 f6 27. Rf4 Qb7 28. Qd1 Nc6 29. Nf3 Nxd4 30. Qxd4 Nc5 31. Nd2 Re5 32. Kf2 Qc6 33. g4 Kf7 34. h4 Qb7 35.
Ke2 Qc8 36. Kf2 Qd7 37. Ke2 Rh8 38. Nf3 Qc6 39. g5 hxg5 40. hxg5 Rh3 41. gxf6 gxf6 42. Rg4 Rh1 43. Nxe5+ dxe5 44. Qd8 Rh2+ 45. Kf3 Rh3+ 46.
Kf2 Rxe3 47. Kxe3 Nd7 48. Qg8+ Ke7 49. Rg7+ Kd6 50. Qe6+ Kc5 51. Qxc6+ Kxc6 52. Kd3 Kd6 53. Rf7 Nc5+ 54. Ke3 Nd7 55. Rh7 Nc5 56. Rf7 Nd7 57. Kf3 c6 58. Kg4 Kc7 59. Kh5 Kd8 60. Kg6 Nc5 61. Rxf6 Kd7 62. Rf7+ Kd6 63. f6 Nxe4 64. Rb7 Nc5 65. f7 Ne6 66. Rb8 Kc5 67. Re8 Nf4+ 68. Kf5 Kb4 69. f8=Q+ Kxb3 70. Rxe5 Nd3 71. Re6 Nb4 72. Qd6 Kxa4 73. Qc7 Kb3 74. Rxc6 a4 75. Rxb6 Kc3 76. Rxb4 Kxb4 77. c5 a3 78. Qb6+ Kc3 79. c6 a2 80. Qa5+ Kb2 81. c7 a1=Q 82. Qxa1+ Kxa1 83.
c8=Q Kb2 84. Qc4 Ka3 85. Qb5 Ka2 86. Qb4 Ka1 87. Ke4 Ka2 88. Kd3 Ka1 89. Kc2 Ka2 90. Qb2# 1-0

[Event "Late-Titled-Tuesday-Blitz-February-20-2024"]
[Site "Chess.com"]
[Date "2024.02.20"]
[Round "4"]
[White "WPWPWP-2015"]
[Black "janhelmer03"]
[Result "0-1"]
[WhiteElo "2431"]
[BlackElo "2277"]
[TimeControl "180+1"]
[EndTime "14:40:13 PST"]
[Termination "janhelmer03 won by resignation"]

1. d4 d5 2. c4 c6 3. Nf3 Nf6 4. e3 e6 5. b3 Bb4+ 6. Bd2 Be7 7.
Nc3 O-O 8. Be2 Nbd7 9. O-O b6 10. cxd5 cxd5 11. Rc1 Bb7 12. h3 a6 13. Qc2 Rc8 14.
Qb2 b5 15. Bd3 Ne4 16. Ne2 Qb6 17. Rc2 Rxc2 18. Bxc2 Rc8 19. Bb1 Nxd2 20. Nxd2 Qa5 21. Bd3 Ba3 22. b4 Bxb2 23. bxa5 g6 24. Nb3 Ba3 25.
f3 Kf8 26. Kf2 Ke7 27. g4 Kd6 28. h4 h6 29. g5 h5 30. f4 Nb8 31. Rb1 Nc6 32. Ng1 Bb4 33. Nf3 Nxa5 34. Ne5 Rc7 35. a4 bxa4 36. Nxa5 Bxa5 37. Ra1 Bc6 38. Nxc6 Kxc6 39.
Rxa4 Kb6 40. Ra1 Rc3 41. Rb1+ Ka7 42. Ke2 Bb6 43. Ra1 a5 44. Kd2 Rc8 45. Bb5 Bc7 46. Rc1 Kb6 47. Ba4 Kb7 48. Bc6+ Kb6 49. Bd7 Rd8 50.
Rb1+ Ka7 51. Ba4 Bb6 52. Rc1 Kb7 53. Bb5 Bc7 54. Rb1 Bd6 55. Be8+ Bb4+ 56. Kd3 Rxe8 57. e4 dxe4+ 58. Kxe4 Kc6 59. Ke5 Rd8 60. Rc1+ Kb5 61. Kf6 Rd7 62. Rc8 Rb7 63. d5 exd5 64. Rd8 Kc4 65.
Rc8+ Bc5 66. f5 a4 67. fxg6 fxg6 68. Kxg6 a3 69. Ra8 Ra7 70. Re8 a2 71. Re1 a1=Q 72.
Rxa1 Rxa1 73. Kxh5 d4 74. g6 d3 75. g7 Rg1 76. Kh6 d2 77. h5 d1=Q 78. g8=Q+ Rxg8 0-1

[Event "Late-Titled-Tuesday-Blitz-February-20-2024"]
[Site "Chess.com"]
[Date "2024.02.20"]
[Round "4"]
[White "Rashad_Zeynalli"]
[Black "GiorgianBarbosa"]
[Result "1-0"]
[WhiteElo "2648"]
[BlackElo "2504"]
[TimeControl "180+1"]
[EndTime "14:40:14 PST"]
[Termination "Rashad_Zeynalli won on time"]

1. e4 c5 2. Nf3 g6 3. c3 Bg7 4. d4 cxd4 5. cxd4 d5 6. e5 Bg4 7.
Nbd2 e6 8. Bb5+ Nd7 9. O-O Ne7 10. Re1 O-O 11. h3 Bxf3 12. Nxf3 a6 13. Bd3 Nc6 14. Be3 b5 15. Rc1 Nb6 16. Rxc6 Nc4 17.
Bxc4 dxc4 18. d5 exd5 19. Rd6 Qa5 20. a3 c3 21. bxc3 Qxa3 22. Qxd5 Qxc3 23. Rd7 Qc4 24. Qxc4 bxc4 25. Rc1 Rfc8 26. Rd4 c3 27. Rd3 c2 28. Rd2 a5 29. Rcxc2 Rxc2 30. Rxc2 a4 31. Rc7 a3 32. Ra7 Rxa7 33. Bxa7 f6 34. Bd4 fxe5 35. Nxe5 a2 36. f4 h5 37. Kf1 Bf6 38. Ke2 g5 39. fxg5 Bxg5 40. Nd3 Be7 41. Nc1 Kf7 42. Nxa2 Ke6 43.
Nc3 Kf5 44. Kf3 Bb4 45. Nd5 Bd2 46. Ne3+ Kg6 47. g4 hxg4+ 48. Kxg4 Be1 49. h4 Bxh4 50.
Kxh4 Kf7 51. Kg5 Ke6 52. Kg6 Kd6 53. Kf6 Kc6 54. Ke6 Kb5 55. Kd5 Kb4 56. Ke4 Kb5 57. Nf5 Kc6 58. Ke5 Kb5 59. Kd5 Kb4 60. Ne3 Kb5 61. Kd6 Kb4 62. Kc6 Kb3 63. Kb5 Ka3 64. Kc4 Ka2 65. Kb4 Kb1 66. Kb3 Kc1 67. Bc3 Kb1 68. Bb4 Kc1 69. Kc3 Kb1 70. Ba3 Ka2 71. Kb4 Kb1 72. Kb3 Ka1 73. Nd5 Kb1 74. Nc3+ 1-0